cohdb
Replays
Latest Replays
All Replays
Popular Replays
Top Player Replays
Match Explorer
How It Works
Community
CoH3 Stats
Reddit
Sign in to upload your games and track your stats! →
Sign in with Steam
Match 41923473
Unlisted
Match 41923473
Overview
Messages
Build Orders
End
Construct Weapon Support Center
Engineer Squad
Selects Special Operations Battlegroup
Selects M29 Weasel Recon Vehicle
M29 Weasel Recon Vehicle
M1919 Machine Gun Team
Construct Barracks
Riflemen Squad
Grenade Package
Riflemen Squad
Infantry Support Center
Engineer Squad
Construct Medical Station
Selects Raiding Flares
M3 Armored Personnel Carrier
Riflemen Squad
M1918 Browning Automatic Rifles
Construct Motor Pool
M8 Greyhound Armored Car
M1 Anti-tank Gun Team
Selects SSF Commando Squad
Selects P-47 Anti-Infantry Loiter
SSF Commando Squad
Riflemen Squad
M1 Anti-tank Gun Team
P-47 Anti-Infantry Loiter
SSF Commando Squad
Selects Air Re-supply Operation
Riflemen Squad
TheCreepy
S.S.Vodka
Definitely Not Juzo
R
yarang
欧阳黑奔
0
0
Comments
sign in to comment!
No comments posted yet!